 Dungeon Crawl Stone Soup version 0.20.1-1-g8b1a95d (webtiles) character file.

880 Begomoth the Digger (level 8, -16/44 HPs)
             Began as a Gargoyle Earth Elementalist on July 17, 2017.
             Demolished by a two-headed ogre
             ... wielding a +0 giant club
              (26 damage)
             ... on level 5 of the Dungeon.
             The game lasted 00:15:25 (4622 turns).

Begomoth the Digger (Gargoyle Earth Elementalist)   Turns: 4622, Time: 00:15:26

Health: -16/44     AC: 11    Str: 16    XL:     8   Next: 5%
Magic:  15/15      EV: 12    Int: 23    God:
Gold:   287        SH:  0    Dex: 10    Spells: 7/16 levels left

rFire    . . .     SeeInvis .   D - +4 dagger
rCold    + + +     Gourm    .   (no shield)
rNeg     + . .     Faith    .   h - +0 robe "Nomm" {rC+++ Str+4}
rPois    ∞         Spirit   .   C - +0 helmet
rElec    +         Reflect  .   x - +0 cloak
rCorr    +         Harm     .   s - +0 pair of gloves
MR       .....                  H - +0 pair of boots
Stlth    ++........             (no amulet)
Regen    0.2/turn               y - ring of resist corrosion
MPRegen  0.2/turn               I - +5 ring of intelligence

@: no status effects
A: negative energy resistance 1, electricity resistance, unbreathing,
petrification resistance, rot immunity, AC +5
a: no special abilities


You were on level 5 of the Dungeon.
You were not hungry.

You visited 1 branch of the dungeon, and saw 6 of its levels.

You collected 287 gold pieces.

Inventory:

Hand Weapons
 i - a +0 dagger
 k - a +0 whip
 q - a +0 war axe
 D - a +4 dagger (weapon)
Missiles
 L - 57 stones (quivered)
Armour
 h - the +0 robe "Nomm" (worn) {rC+++ Str+4}
   (You found it on level 4 of the Dungeon)

   It affects your strength (+4).
   It renders you almost immune to cold.
 s - a +0 pair of gloves (worn)
 x - a +0 cloak (worn)
 C - a +0 helmet (worn)
 H - a +0 pair of boots (worn)
Jewellery
 y - a ring of resist corrosion (left hand)
 I - a +5 ring of intelligence (right hand)
Wands
 B - a wand of scattershot (4/9)
 N - a wand of iceblast (13/15)
Scrolls
 f - a scroll of recharging {unknown}
 j - 2 scrolls of remove curse
 l - 2 scrolls of magic mapping
 u - a scroll of teleportation {unknown}
 w - a scroll of fog {unknown}
 z - 2 scrolls of identify {unknown}
 G - a scroll of amnesia {unknown}
 J - a scroll of enchant weapon {unknown}
Potions
 a - a potion of mutation {unknown}
 c - a potion of brilliance {unknown}
 g - a potion of degeneration {unknown}
 o - 2 potions of flight {unknown}
 r - 3 potions of curing {unknown}
 t - a potion of heal wounds {unknown}
 v - 2 potions of haste {unknown}
 A - a potion of magic {unknown}
 E - a potion of cancellation {unknown}
 K - a potion of lignification {unknown}
Books
 e - a book of Geomancy

   Spells                             Type                      Level
   a - Sandblast                      Earth                        1
   b - Passwall                       Transmutation/Earth          2
   c - Stone Arrow                    Conjuration/Earth            3
   d - Petrify                        Transmutation/Earth          4
   e - Lee's Rapid Deconstruction     Earth                        5
Comestibles
 b - 3 chunks of flesh
 d - 3 bread rations
 m - 4 meat rations
 p - 4 royal jellies
 F - 3 fruits


   Skills:
 + Level 1.6 Fighting
 + Level 1.3 Maces & Flails
 + Level 1.0 Armour
 + Level 2.1 Dodging
 - Level 2.1 Stealth
 + Level 4.7 Spellcasting
 + Level 4.9 Conjurations
   Level 0.7 Transmutations
 + Level 6.3 Earth Magic
 + Level 1.2 Evocations


You had 7 spell levels left.
You knew the following spells:

 Your Spells              Type           Power        Failure   Level  Hunger
a - Sandblast             Erth           ####..       1%          1    None
b - Stone Arrow           Conj/Erth      ####..       3%          3    ##.....
c - Lee's Rapid Deconstr  Erth           ####......   21%         5    #####..


Dungeon Overview and Level Annotations

Branches:
Dungeon (6/15)
 Temple: D:4-7

Altars:
Uskayaw


Innate Abilities, Weirdness & Mutations

You are resistant to torment.
Your stone body is resilient. (AC +5)
You are immune to poison.
You resist negative energy. (rN+)
You are resistant to electric shocks. (rElec)
You can survive without breathing.
You are immune to petrification.
You are immune to rotting.


Message History

(D) Dungeon
Where to? (Enter - D:5, ? - help)
There is a stone staircase leading down here.
You climb downwards. 2 orcs and a two-headed ogre come into view.
The two-headed ogre shouts in stereo!
You hear a shout!
The orc shouts!
Found 13 gold pieces and a meat ration.
Found a stone staircase leading down.
There is a stone staircase leading up here.
The two-headed ogre hits you with a giant club!!
Ouch! That really hurt!
The two-headed ogre hits you with a giant club!
* * * LOW HITPOINT WARNING * * *
You climb upwards.
There is a stone staircase leading down here.
Okay, then.
Okay, then.
There is a stone staircase leading down here.
The two-headed ogre hits you with a giant club!!
Ouch! That really hurt!
You die...

##....... #........
#........ #........
#>....... ### #........
#.### #........
#...############ ##.......
##........@..<.# ##..####
#.########O...## ####♣♣♣
#.# #.....# ♣.. #.#
##....########♣.# #.#
##..>....##.'..♣ #.#
#.#.###....#♣.#
#.##########...# ##.###♣..
#..........##..####...#♣♣♣
#..........##.........####


You could see a two-headed ogre.

Vanquished Creatures
  A sky beast (D:5)
  An ogre (D:5)
  A necrophage (D:5)
  A howler monkey (D:5)
  A crimson imp (D:5)
  3 hounds
  An orc wizard (D:5)
  Jessica (D:3)
  4 iguanas
  3 worker ants
  Robin (D:4)
  8 gnolls
  5 adders
  4 worms
  2 dart slugs
  3 leopard geckos
  9 orcs
  7 bats
  5 giant cockroaches
  12 goblins
  4 hobgoblins
  6 jackals
  3 quokkas
  5 frilled lizards
  2 jackal skeletons
  4 kobolds
  7 rats
104 creatures vanquished.

Notes
Turn   | Place    | Note
-------+----------+-------------------------------------------
     0 | D:1      | Begomoth the Gargoyle Earth Elementalist began the quest for the Orb.
     0 | D:1      | Reached XP level 1. HP: 10/10 MP: 3/3
   329 | D:1      | Reached XP level 2. HP: 13/15 MP: 5/5
   420 | D:1      | Reached skill level 4 in Earth Magic
   726 | D:1      | Reached XP level 3. HP: 17/19 MP: 7/7
   731 | D:1      | Learned a level 3 spell: Stone Arrow
  1449 | D:2      | Found a hide-covered altar of Uskayaw.
  1574 | D:2      | Reached skill level 1 in Conjurations
  1574 | D:2      | Reached XP level 4. HP: 21/24 MP: 2/8
  2436 | D:3      | Noticed Jessica
  2444 | D:3      | Killed Jessica
  2444 | D:3      | Reached skill level 5 in Earth Magic
  2444 | D:3      | Reached XP level 5. HP: 28/28 MP: 6/10
  2451 | D:3      | Learned a level 5 spell: Lee's Rapid Deconstruction
  2894 | D:4      | Reached XP level 6. HP: 30/32 MP: 8/11
  2936 | D:4      | Noticed Robin
  2960 | D:4      | Killed Robin
  3209 | D:4      | Got a faintly humming robe
  3222 | D:4      | Identified the cursed +0 robe "Nomm" {rC+++ Str+4} (You found it on level 4 of the Dungeon)
  3698 | D:5      | Entered Level 5 of the Dungeon
  3704 | D:5      | Noticed a necrophage
  3739 | D:5      | Killed a necrophage
  3739 | D:5      | Reached skill level 6 in Earth Magic
  3739 | D:5      | Reached XP level 7. HP: 28/36 MP: 2/13
  4033 | D:5      | Reached skill level 1 in Fighting
  4033 | D:5      | Reached skill level 1 in Maces & Flails
  4232 | D:5      | Reached skill level 1 in Armour
  4232 | D:5      | Reached skill level 1 in Evocations
  4247 | D:5      | Reached XP level 8. HP: 27/43 MP: 0/15
  4357 | D:5      | Got an opalescent robe
  4557 | D:5      | Identified the cursed +0 robe of a labyrinth {Str+3 Stlth+} (You found it on level 5 of the Dungeon)
  4585 | D:6      | Noticed a two-headed ogre
  4622 | D:5      | Demolished by a two-headed ogre

Skill      XL: |  1  2  3  4  5  6  7 |
---------------+----------------------+-----
Earth Magic    | 4 5 6 |  6.3
Spellcasting   | 3 4 |  4.7
Conjurations   | 1 2 4 |  4.9
Fighting       | 1 |  1.6
Maces & Flails | 1 |  1.3
Dodging        | 2 |  2.1
Armour         | 1 |  1.0
Evocations     | 1 |  1.2
Stealth        | |  2.1
Transmutations | |  0.7

Action                   |  1- 3 |  4- 6 |  7- 9 || total
-------------------------+-------+-------+-------++-------
Melee: Unarmed           |    28 |       |       ||    28
       Dagger            |    45 |    54 |    32 ||   131
 Cast: Sandblast         |    24 |    91 |     8 ||   123
       Stone Arrow       |       |       |    14 ||    14
  Use: Scroll            |       |     1 |     3 ||     4
 Stab: Sleeping          |     1 |       |       ||     1
  Eat: Chunk             |     2 |     7 |     3 ||    12
Armor: Robe              |    34 |    18 |     7 ||    59
       Leather armour    |     4 |    36 |       ||    40
Dodge: Dodged            |    70 |    70 |    19 ||   159
